 Dungeon Crawl Stone Soup version 0.27-a0-333-gfa571bf19a (webtiles) character file.

Game seed: 14642760886211995796

2332 Nattfarinn the Tainter (level 9, 0/102 HPs)
             Began as a Naga Venom Mage on Feb 12, 2021.
             Was a Follower of Qazlal.
             Slain by a two-headed ogre
             ... wielding a +0 giant club
              (7 damage)
             ... on level 8 of the Dungeon.
             The game lasted 00:17:48 (10304 turns).

Nattfarinn the Tainter (Naga Venom Mage)           Turns: 10304, Time: 00:17:49

Health: 0/102      AC: 16    Str: 11    XL:     9   Next: 42%
Magic:  0/20       EV:  1    Int: 18    God:    Qazlal [*.....]
Gold:   369        SH:  2    Dex: 12    Spells: 15/23 levels left

rFire    . . .     SeeInvis +   f - +5 mace (freeze)
rCold    . . .     Faith    .   (no shield)
rNeg     + + +     Spirit   .   (armour currently unavailable)
rPois    +         Reflect  .   (helmet currently unavailable)
rElec    .         Harm     .   (cloak currently unavailable)
rCorr    .         Rampage  .   (gloves currently unavailable)
Will     +....     NoTele   +   (no barding)
Stlth    ++........             (no amulet)
HPRegen  0.27/turn              (no ring)
MPRegen  0.17/turn              (no ring)

@: tree-form (expiring), corroded
A: large, see invisible, spit poison 1, AC +3
a: Spit Poison, Renounce Religion


You were on level 8 of the Dungeon.
You worshipped Qazlal.
Qazlal was aware of your devotion.
You were a tree.
You visited 2 branches of the dungeon, and saw 9 of its levels.

You collected 369 gold pieces.

Inventory:

Hand Weapons
 f - a +5 mace of freezing (weapon)
 j - a +2 flail of draining
Armour
 a - a +0 robe (melded)
Wands
 o - a wand of iceblast (12)
 p - a wand of acid (22)
 s - a wand of random effects (16)
Scrolls
 c - a scroll of enchant armour {unknown}
 d - a scroll of amnesia
 i - a scroll of fog {unknown}
 l - 2 scrolls of random uselessness {unknown}
 n - 5 scrolls of teleportation {unknown}
 t - 2 scrolls of identify {unknown}
Potions
 b - a potion of flight
 g - a potion of curing
 k - a potion of brilliance {unknown}
 m - a potion of cancellation {unknown}
 q - a potion of might {unknown}
 u - a potion of attraction {unknown}
 v - 2 potions of mutation {unknown}


   Skills:
 - Level 1.5 Dodging
 - Level 3.0 Stealth
 * Level 7.8 Spellcasting
 - Level 1.0 Transmutations
 - Level 10.0 Poison Magic
 + Level 6.2 Invocations


You had 15 spell levels left.
You knew the following spells:

 Your Spells              Type           Power        Failure   Level
a - Sting                 Tmut/Pois      100%         1%          1
b - Olgreb's Toxic Radia  Pois           43%          1%          4
c - Ignite Poison         Fire/Tmut/Pois 20%          7%          3

Your spell library contained the following spells:

 Spells                   Type           Power        Failure   Level
 Poisonous Vapours        Pois/Air       50%          1%          2
 Mephitic Cloud           Conj/Pois/Air  19%          8%          3
 Magic Dart               Conj           28%          10%         1
 Summon Small Mammal      Summ           28%          10%         1
 Blink                    Tloc           N/A          16%         2
 Call Imp                 Summ           7%           16%         2
 Slow                     Hex            7%           16%         2
 Call Canine Familiar     Summ           7%           30%         3
 Conjure Flame            Conj/Fire      7%           30%         3
 Summon Guardian Golem    Hex/Summ       7%           30%         3
 Summon Ice Beast         Ice/Summ       7%           69%         4
 Summon Lightning Spire   Summ/Air       7%           69%         4


Dungeon Overview and Level Annotations

Branches:
Dungeon (8/15)             Temple (1/1) D:4
   Lair: D:8-11

Altars:
Cheibriados
Dithmenos
Elyvilon
Fedhas
Gozag
Hepliaklqana
Kikubaaqudgha
Nemelex Xobeh
Okawaru
Qazlal
Ru
Trog
Uskayaw
Vehumet
Wu Jian
Xom
Zin
The Shining One

Shops:
D:6 [

Annotations:
D:7 Joseph


Innate Abilities, Weirdness & Mutations

You cannot wear boots.
((Your serpentine skin is tough. (AC +3)))
You have supernaturally acute eyesight. (SInv)
((Armour fits poorly on your strangely shaped body.))
((Your system is resistant to poisons. (rPois)))
((You cover ground very slowly.))
You can spit poison.


Message History

You closely miss the orc.
The orc is severely wounded.
The orc hits you but does no damage.
Unknown command.
You barely miss the orc.
The orc is severely wounded.
You block the orc's attack. The gnoll completely misses you.
Unknown command.
Okay, then.
Casting: Ignite Poison (mildly dangerous; 7% risk of failure)
Confirm with . or Enter, or press ? or * to list all spells.
Aiming: Sting (safe; 1% risk of failure)
Press: ? - help, Shift-Dir - straight line, f - two-headed ogre
Aim: a two-headed ogre, wielding a +0 giant club and a +0 giant spiked club (11% to evade)
The sting hits the two-headed ogre.
The two-headed ogre is poisoned.
The two-headed ogre is lightly wounded.
The orc hits you but does no damage.
Casting: Sting (safe; 1% risk of failure)
Confirm with . or Enter, or press ? or * to list all spells.
Aiming: Sting (safe; 1% risk of failure)
Press: ? - help, Shift-Dir - straight line, f/p - two-headed ogre
Aim: a two-headed ogre, wielding a +0 giant club and a +0 giant spiked club (lightly wounded, poisoned, 11% to evade)
The sting hits the two-headed ogre but does no damage.
The two-headed ogre looks even sicker.
The two-headed ogre is lightly wounded.
The gnoll hits you from afar with a +0 halberd!
* * * LOW HITPOINT WARNING * * *
The orc hits you but does no damage.
Casting: Sting (safe; 1% risk of failure)
Confirm with . or Enter, or press ? or * to list all spells.
Aiming: Sting (safe; 1% risk of failure)
Press: ? - help, Shift-Dir - straight line, f/p - two-headed ogre
Aim: a two-headed ogre, wielding a +0 giant club and a +0 giant spiked club (lightly wounded, very poisoned, 11% to evade)
The sting hits the two-headed ogre.
The two-headed ogre looks even sicker.
The two-headed ogre is lightly wounded.
The orc hits you but does no damage.
The gnoll hits you from afar with a +0 halberd.
* * * LOW HITPOINT WARNING * * *
The two-headed ogre hits you with a +0 giant club!
You die...

##.. ..# ... #.#
##.>####.#
.?##.....##.#
.....#.##.#
..###..#.##.#
............####
..######.....O.#
########♣#
###...####o###
####.........Yg.#
#..........##.#O######.
#...........#.#Z†......
#......................
#...<........##..).....
#..........#.##.######.
####............#


You could see a two-headed ogre (very poisoned), an ice beast, an ogre, a gnoll,
an orc and a hornet zombie.

Vanquished Creatures
  Maurice (D:8)
  A water moccasin (D:6)
  An orc warrior (D:6)
  A black bear (D:6)
  2 centaurs
  A kobold brigand (D:7)
  A bullfrog (D:8)
  4 scorpions
  3 wights (D:6)
  5 hounds
  3 jellies
  2 orc priests
  2 gnoll shamans
  A bullfrog skeleton (D:5)
  4 orc wizards
  3 worker ants
  A hound skeleton (D:5)
  A hound zombie (D:5)
  3 worker ant zombies
  25 gnolls
  7 adders
  3 white imps
  An ufetubus (D:6)
  2 oozes
  An adder zombie (D:6)
  An adder skeleton (D:4)
  A worm (D:3)
  5 dart slugs
  8 leopard geckos
  24 orcs
  A ball python (D:1)
  4 giant cockroaches
  5 hobgoblins
  10 jackals
  11 kobolds
  2 quokkas
  4 bats
  3 frilled lizards
  10 goblins
  2 jackal skeletons
  6 rats
176 creatures vanquished.

Notes
Turn   | Place    | Note
-------+----------+-------------------------------------------
     0 | D:1      | Nattfarinn the Naga Venom Mage began the quest for the Orb.
     0 | D:1      | Reached XP level 1. HP: 15/15 MP: 3/3
   272 | D:1      | Reached XP level 2. HP: 22/22 MP: 1/5
   395 | D:1      | Reached skill level 5 in Poison Magic
   653 | D:1      | Reached XP level 3. HP: 28/28 MP: 4/6
  1019 | D:1      | You fall into a shaft and drop 1 floor!
  1340 | D:2      | Reached skill level 6 in Poison Magic
  1711 | D:2      | Noticed a scorpion
  1720 | D:2      | Killed a scorpion
  1721 | D:2      | Reached skill level 7 in Poison Magic
  1721 | D:2      | Reached XP level 4. HP: 24/36 MP: 1/7
  2033 | D:2      | Found a stormy altar of Qazlal.
  2606 | D:2      | Learned a level 4 spell: Olgreb's Toxic Radiance
  2611 | D:3      | Found a sparkling altar of Nemelex Xobeh.
  2613 | D:3      | Reached XP level 5. HP: 34/42 MP: 3/8
  2909 | D:3      | Reached skill level 8 in Poison Magic
  3778 | D:3      | Reached XP level 6. HP: 43/49 MP: 9/9
  3880 | D:4      | Reached skill level 9 in Poison Magic
  4088 | D:4      | Found a staircase to the Ecumenical Temple.
  4107 | Temple   | Entered the Ecumenical Temple
  4390 | Temple   | Became a worshipper of Qazlal Stormbringer
  4548 | D:4      | Reached skill level 10 in Poison Magic
  4548 | D:4      | Reached XP level 7. HP: 55/55 MP: 1/10
  4967 | D:4      | Reached skill level 1 in Invocations
  5102 | D:4      | Learned a level 3 spell: Ignite Poison
  5258 | D:5      | Entered Level 5 of the Dungeon
  6100 | D:5      | Reached * piety under Qazlal
  7053 | D:6      | Reached XP level 8. HP: 21/62 MP: 6/14
  7696 | D:6      | Reached skill level 5 in Spellcasting
  8518 | D:6      | Found Lyrap's Armour Boutique.
  8737 | D:7      | Reached skill level 5 in Invocations
  8955 | D:7      | Reached XP level 9. HP: 15/68 MP: 17/19
  9764 | D:7      | Found a glowing golden altar of the Shining One.
  9820 | D:7      | Noticed Joseph
 10290 | D:8      | Noticed Maurice
 10295 | D:8      | Killed Maurice
 10298 | D:8      | Noticed a two-headed ogre
 10304 | D:8      | Slain by a two-headed ogre

Illustrated notes

Levels and vault maps discovered:
D:1:      dpeg_arrival_leaves_temple_mockup, layout_loops_ring
D:2:      layout_loops_ring, grunt_qazlal_sundering
D:3:      layout_rooms, nicolae_overflow_crystal_walls
D:4:      layout_loops_cross, minmay_temple_entry_large_hall
D:5:      layout_basic, kennysheep_generic_room_14
D:6:      layout_loops_ring, serial_shops, nicolae_shop_behind_doors
D:7:      layout_gridville, lemuel_round_altar, minivault_11, uniq_menkaure,
          uniq_duvessa, uniq_joseph
D:8:      layout_loops_cross, old_standard_altar, lair_entry_dummy,
          yredelemnul_altar_generic, uniq_grum, uniq_maurice
Temple:   eino_temple_rhombus

Skill      XL: |  1  2  3  4  5  6  7  8  9 |
---------------+----------------------------+-----
Poison Magic   | 5 7 8 10 | 10.0
Invocations    | 2 5 6 |  6.2
Spellcasting   | 4 6 7 |  7.8
Dodging        | |  1.5
Stealth        | |  3.0
Transmutations | |  1.0

Action                   |  1- 3 |  4- 6 |  7- 9 || total
-------------------------+-------+-------+-------++-------
Melee: Unarmed           |    19 |    16 |       ||    35
       Flail             |       |    43 |   142 ||   185
       Mace              |       |       |    38 ||    38
 Cast: Sting             |    45 |    58 |    31 ||   134
       Olgreb's Toxic Ra |       |     9 |    28 ||    37
       Ignite Poison     |       |       |    13 ||    13
 Abil: Spit Poison       |     2 |       |     3 ||     5
  Use: Potion            |       |       |    10 ||    10
       Scroll            |       |       |     2 ||     2
 Stab: Sleeping          |       |     3 |     5 ||     8
Armor: Robe              |     9 |    12 |    38 ||    59
       Skin              |       |       |    14 ||    14
Dodge: Dodged            |    24 |    55 |   131 ||   210
Block: Other             |       |       |     9 ||     9

Table legend: (Time is in decaauts)
 A = Elapsed time spent in this place.
 B = Non-inter-level travel time spent in this place.
 C = Inter-level travel time spent in this place.
 D = Time resting spent in this place.
 E = Time spent auto-exploring this place.
 F = Levels seen in this place.
 G = Mean time per level.
                   A        B        C        D        E       F      G
               +--------+--------+--------+--------+--------+-----+--------+
         Total |  12289 |  11988 |    301 |   3124 |   7606 |   9 | 1365.4 |
       Dungeon |  11911 |  11643 |    268 |   3124 |   7262 |   8 | 1488.9 |
        Temple |    378 |    345 |     33 |      0 |    343 |   1 |  378.0 |
               +--------+--------+--------+--------+--------+-----+--------+

Top non-repeatable levels by time:
     D:5: 2148 daAuts
     D:6: 1923 daAuts
     D:7: 1846 daAuts
     D:1: 1753 daAuts
     D:2: 1647 daAuts
     D:4: 1326 daAuts
     D:3: 1184 daAuts
  Temple: 378 daAuts
     D:8: 80 daAuts
